 Dungeon Crawl Stone Soup version 0.21.1-1-g345015fe64 (webtiles) character file.

73 Ivernyr the Vexing (level 4, -2/34 HPs)
             Began as a Gnoll Arcane Marksman on Mar 24, 2018.
             Slain by an ogre
             ... wielding a cursed -1 giant spiked club
              (21 damage)
             ... on level 2 of the Dungeon.
             The game lasted 00:06:56 (2357 turns).

Ivernyr the Vexing (Gnoll Arcane Marksman)          Turns: 2357, Time: 00:06:56

Health: -2/34      AC:  2    Str: 13    XL:     4   Next: 27%
Magic:  8/8        EV: 15    Int: 15    God:
Gold:   55         SH:  0    Dex: 16    Spells: 7/8 levels left

rFire    . . .     SeeInvis .   e - +0 rapier
rCold    . . .     Gourm    .   (no shield)
rNeg     . . .     Faith    .   a - +0 robe
rPois    .         Spirit   .   (no helmet)
rElec    .         Reflect  .   (no cloak)
rCorr    .         Harm     .   (no gloves)
MR       .....                  (no boots)
Stlth    ++........             (no amulet)
HPRegen  0.11/turn              (no ring)
MPRegen  0.11/turn              (no ring)

@: lethally poisoned (-2 -> -9)
A: distributed training, fangs 1, strong nose
a: no special abilities


You were on level 2 of the Dungeon.
You were near starving.

You visited 1 branch of the dungeon, and saw 2 of its levels.

You collected 55 gold pieces.

Inventory:

Hand Weapons
 e - a +0 rapier (weapon)
Missiles
 c - 5 javelins (quivered)
 d - 2 throwing nets
 g - 4 tomahawks
Armour
 a - a +0 robe (worn)
 j - a +0 buckler
Scrolls
 i - a scroll of immolation {unknown}
 k - a scroll of remove curse {unknown}
 l - a scroll of fear {unknown}
Potions
 h - a potion of haste {unknown}
Books
 b - a book of Debilitation

   Spells                             Type                      Level
   a - Corona                         Hexes                        1
   b - Slow                           Hexes                        2
   c - Inner Flame                    Hexes/Fire                   3
   d - Portal Projectile              Hexes/Translocation          3
   e - Cause Fear                     Hexes                        4
   f - Leda's Liquefaction            Hexes/Earth                  4
Comestibles
 f - a ration


   Skills:
 + Level 2.7 Fighting
 + Level 1.0 Short Blades
 + Level 1.0 Long Blades
 + Level 1.0 Axes
 + Level 1.0 Maces & Flails
 + Level 1.0 Polearms
 + Level 1.0 Staves
 + Level 1.0 Slings
 + Level 1.0 Bows
 + Level 1.0 Crossbows
 + Level 4.6 Throwing
 + Level 1.0 Armour
 + Level 4.6 Dodging
 + Level 1.0 Stealth
 + Level 1.0 Shields
 + Level 1.0 Unarmed Combat
 + Level 2.9 Spellcasting
 + Level 0.8 Conjurations
 + Level 5.4 Hexes
 + Level 0.8 Charms
 + Level 0.8 Summonings
 + Level 0.8 Necromancy
 + Level 0.8 Translocations
 + Level 0.8 Transmutations
 + Level 0.8 Fire Magic
 + Level 0.8 Ice Magic
 + Level 0.8 Air Magic
 + Level 0.8 Earth Magic
 + Level 0.8 Poison Magic
 + Level 1.1 Invocations
 + Level 1.0 Evocations


You had 7 spell levels left.
You knew the following spells:

 Your Spells              Type           Power        Failure   Level  Hunger
a - Corona                Hex            ###....      2%          1    #......


Dungeon Overview and Level Annotations

Branches:
Dungeon (2/15)

Altars:


Innate Abilities, Weirdness & Mutations

Your experience applies equally to all skills.
You have very sharp teeth.
Your uncanny sense of smell can sniff out nearby items.


Message History

The adder poisons you! The ogre barely misses you. The adder barely misses you.
You closely miss the adder.
The adder is almost dead.
You feel sick. The bat hits you but does no damage. The adder misses you.
The ogre misses you.
You hit the adder.
You kill the adder!
You feel sick. The bat closely misses you. The ogre barely misses you.
You hit the ogre.
The ogre is moderately wounded.
You feel sick. The ogre misses you.
You hit the ogre.
The ogre is heavily wounded.
You feel sick.
You hit the ogre but do no damage. You punch the ogre.
The ogre is heavily wounded.
You feel sick.
The ogre hits you with a giant spiked club!!
Ouch! That really hurt!
You die...

##### ..... #<...
###.. #... . ##...
# .# .... .#.
#..##.. ∆ ###..#.#
#..O...##$.. # ##
#@....##.#
##8###8###.#.##.#.#
#
.........#b#.#....
................# #
................# #
##8###8#.......####
# ###........... #
##.......## #
#......(#


You could see an ogre and a bat.

Vanquished Creatures
  2 adders (D:2)
  2 oozes (D:1)
  A worm (D:2)
  2 leopard geckos
  2 giant cockroaches
  5 goblins (D:1)
  8 hobgoblins
  6 kobolds
  A ball python (D:1)
  5 bats (D:1)
  4 frilled lizards (D:1)
  4 rats
42 creatures vanquished.

Notes
Turn   | Place    | Note
-------+----------+-------------------------------------------
     0 | D:1      | Ivernyr the Gnoll Arcane Marksman began the quest for the Orb.
     0 | D:1      | Reached XP level 1. HP: 17/17 MP: 4/4
   435 | D:1      | Reached XP level 2. HP: 22/23 MP: 5/5
   739 | D:1      | Reached XP level 3. HP: 26/28 MP: 7/7
  1161 | D:1      | Reached skill level 1 in Invocations
  1647 | D:2      | Reached skill level 1 in Short Blades
  1647 | D:2      | Reached skill level 1 in Long Blades
  1647 | D:2      | Reached skill level 1 in Axes
  1647 | D:2      | Reached skill level 1 in Maces & Flails
  1647 | D:2      | Reached skill level 1 in Polearms
  1647 | D:2      | Reached skill level 1 in Staves
  1647 | D:2      | Reached skill level 1 in Slings
  1647 | D:2      | Reached skill level 1 in Bows
  1647 | D:2      | Reached skill level 1 in Crossbows
  1647 | D:2      | Reached skill level 1 in Armour
  1647 | D:2      | Reached skill level 1 in Stealth
  1647 | D:2      | Reached skill level 1 in Shields
  1647 | D:2      | Reached skill level 1 in Unarmed Combat
  1647 | D:2      | Reached skill level 1 in Evocations
  2096 | D:2      | Reached XP level 4. HP: 33/34 MP: 8/8
  2348 | D:2      | Noticed an ogre
  2357 | D:2      | Slain by an ogre

Skill      XL: |  1  2  3 |
---------------+----------+-----
Invocations    | 1 |  1.1
Short Blades   | 1 |  1.0
Long Blades    | 1 |  1.0
Axes           | 1 |  1.0
Maces & Flails | 1 |  1.0
Polearms       | 1 |  1.0
Staves         | 1 |  1.0
Slings         | 1 |  1.0
Bows           | 1 |  1.0
Crossbows      | 1 |  1.0
Armour         | 1 |  1.0
Stealth        | 1 |  1.0
Shields        | 1 |  1.0
Unarmed Combat | 1 |  1.0
Evocations     | 1 |  1.0
Fighting       | |  2.7
Throwing       | |  4.6
Dodging        | |  4.6
Spellcasting   | |  2.9
Conjurations   | |  0.8
Hexes          | |  5.4
Charms         | |  0.8
Summonings     | |  0.8
Necromancy     | |  0.8
Translocations | |  0.8
Transmutations | |  0.8
Fire Magic     | |  0.8
Ice Magic      | |  0.8
Air Magic      | |  0.8
Earth Magic    | |  0.8
Poison Magic   | |  0.8

Action                   |  1- 3 |  4- 6 || total
-------------------------+-------+-------++-------
Melee: Unarmed           |    19 |       ||    19
       Club              |   137 |       ||   137
       Bite              |    19 |     3 ||    22
       Rapier            |     4 |    21 ||    25
       Punch             |       |     1 ||     1
 Cast: Corona            |    16 |     3 ||    19
 Stab: Sleeping          |     5 |       ||     5
  Eat: Chunk             |     3 |       ||     3
Armor: Robe              |    32 |     3 ||    35
Dodge: Dodged            |   157 |    20 ||   177
